 Dungeon Crawl Stone Soup version 0.18.1-50-g88ac8fd (webtiles) character file.

4591 lorenzova the Fighter (level 10, -4/102 HPs)
             Began as a Deep Dwarf Fighter on Oct 11, 2016.
             Was an Elder of Makhleb.
             Slain by a vampire (7 damage)
             ... on level 8 of the Dungeon.
             The game lasted 00:15:56 (7223 turns).

lorenzova the Fighter (Deep Dwarf Fighter)          Turns: 7223, Time: 00:15:57

Health: -4/102     AC: 18    Str: 23    XL:     10   Next: 18%
Magic:  6/6        EV:  6    Int:  9    God:    Makhleb [****..]
Gold:   370        SH: 11    Dex: 12    Spells: 0 memorised, 9 levels left

rFire  . . .     SeeInvis .     v - +0 long sword (slice)
rCold  . . .     Gourm    .     H - +0 plate armour
rNeg   . . .     Faith    .     c - +0 shield
rPois  .         Spirit   .     h - +0 helmet
rElec  .         Dismiss  .     A - +0 cloak
rCorr  .         Reflect  .     t - +0 pair of gloves
SustAt .         Harm     .     (no boots)
MR     +....                    u - amulet of rage
Stlth  ..........               (no ring)
                                y - ring of stealth

@: non-regenerating, somewhat resistant to hostile enchantments, extremely
unstealthy
A: damage resistance, recharge devices, sense surroundings 2, slow regeneration
3
a: Device Recharging, Minor Destruction, Lesser Servant of Makhleb, Major
Destruction, Renounce Religion, Evoke Berserk Rage


You were on level 8 of the Dungeon.
You worshipped Makhleb.
Makhleb was greatly pleased with you.
You were very hungry.

You visited 2 branches of the dungeon, and saw 10 of its levels.

You collected 370 gold pieces.

Inventory:

Hand Weapons
 v - a +0 long sword of slicing (weapon)
Armour
 c - a +0 shield (worn)
 h - a +0 helmet (worn)
 t - a +0 pair of gloves (worn)
 A - a +0 cloak (worn)
 E - a +0 chain mail of magic resistance
 H - a +0 plate armour (worn)
Jewellery
 b - an uncursed ring of fire
 u - an amulet of rage (around neck)
 y - a ring of stealth (left hand)
Wands
 a - a wand of slowing (41/48)
 e - a wand of heal wounds (0/9)
 r - a wand of paralysis (11/24)
 G - a wand of enslavement (9/24)
 P - a wand of iceblast (6/15)
Scrolls
 g - 6 scrolls of remove curse
 l - 3 scrolls of enchant weapon {unknown}
 m - 3 scrolls of immolation {unknown}
 p - 3 scrolls of teleportation {unknown}
 q - 3 scrolls of fog {unknown}
 I - a scroll of magic mapping {unknown}
 K - a scroll of identify
 L - a scroll of fear {unknown}
 M - a scroll of blinking {unknown}
 Q - a scroll of summoning {unknown}
Potions
 d - a potion of might
 i - 6 potions of curing
 j - 2 potions of flight {unknown}
 o - a potion of berserk rage {unknown}
 s - a potion of haste {unknown}
 w - 2 potions of lignification {unknown}
 x - 3 potions of brilliance {unknown}
 C - a potion of resistance
 F - a potion of degeneration {unknown}
 J - 2 potions of mutation {unknown}
 O - a potion of ambrosia {unknown}
Books
 z - a book of Fire

   Spells                             Type                      Level
   a - Ignite Poison                  Fire/Transmutation/Poison    3
   b - Fireball                       Conjuration/Fire             5
   c - Bolt of Fire                   Conjuration/Fire             6
   d - Delayed Fireball               Conjuration/Fire             7
   e - Ring of Flames                 Charms/Fire                  7
 B - a book of Clouds

   Spells                             Type                      Level
   a - Mephitic Cloud                 Conjuration/Poison/Air       3
   b - Conjure Flame                  Conjuration/Fire             3
   c - Poisonous Cloud                Conjuration/Poison/Air       6
   d - Freezing Cloud                 Conjuration/Ice/Air          6
   e - Ring of Flames                 Charms/Fire                  7
 N - a book of Maledictions

   Spells                             Type                      Level
   a - Corona                         Hexes                        1
   b - Ensorcelled Hibernation        Hexes/Ice                    2
   c - Confuse                        Hexes                        3
   d - Tukima's Dance                 Hexes                        3
   e - Dazzling Spray                 Conjuration/Hexes            3
 R - a book of Alchemy

   Spells                             Type                      Level
   a - Sublimation of Blood           Necromancy                   2
   b - Ignite Poison                  Fire/Transmutation/Poison    3
   c - Petrify                        Transmutation/Earth          4
   d - Alistair's Intoxication        Transmutation/Poison         5
   e - Irradiate                      Conjuration/Transmutation    5
Comestibles
 f - 5 bread rations
 k - 2 meat rations
 n - a beef jerky
 D - a slice of pizza


   Skills:
 * Level 10.1 Fighting
   Level 2.1 Axes
 + Level 8.9 Armour
 + Level 8.8 Shields


You had 9 spell levels left.
You didn't know any spells.

Dungeon Overview and Level Annotations

Branches:
Dungeon (9/15)             Temple (1/1) D:4             Orc (0/2) D:9
   Lair: D:8-11

Altars:
Ashenzari
Cheibriados
Dithmenos
Elyvilon
Fedhas
Gozag
Kikubaaqudgha
Makhleb
Nemelex Xobeh
Okawaru
Qazlal
Ru
Sif Muna
Trog
Vehumet
Xom
Yredelemnul
Zin
The Shining One

Shops:
D:8 *


Innate Abilities, Weirdness & Mutations

You are resistant to damage.
You can recharge devices by infusing magical energy.
You passively map the area around you.
You do not regenerate naturally.


Message History

The vampire is heavily damaged.
The vampire hits you but does no damage.
The vampire bites you but does no damage.
You block the vampire's attack. The vampire closely misses you.
Your shield and plate armour prevent you from hitting the vampire.
The vampire is heavily damaged.
The vampire hits you but does no damage.
The vampire bites you but does no damage.
You slash the vampire!
The vampire is severely damaged.
You are feeling very hungry.
The vampire is infused with unholy energy.
* * * LOW HITPOINT WARNING * * *
The vampire draws life force from you and is healed!
You block the vampire's attack. x2
You hit the vampire.
The vampire is severely damaged.
The vampire hits you but does no damage.
The vampire bites you!
You die...

######### #.#* ***
#.......# #.###### # *
**#.......# #.#....# # ,
, #.......####.#....# #
* *
#.#.................###
,.......................
,*
,#.......####......##.
,,, #.#####.###
#......##. , #....V@.#
#.≈.≈..### ......####
#≈≈.≈≈## # ,.....,
#≈≈∩≈≈# # .... , *
#≈≈≈≈≈# ... * ...[≈≈≈##
.. ,, ** #.....### #
#......#.....#
#......#.....
#......#.....*


You could see a vampire.

Vanquished Creatures
  The ghost of lorenzova the Fighter, a novice DDFi of Makhleb (D:7)
  Grinder (D:3)
  A wyvern (D:7)
  A vampire (D:8)
  Edmund (D:5)
  Duvessa (D:5)
  A sky beast (D:8)
  An ice beast (D:7)
  4 orc warriors
  2 black bears (D:6)
  A phantom (D:4)
  3 ogres
  A centaur (D:8)
  A crocodile (D:7)
  4 giant frogs
  2 gnoll sergeants
  A scorpion (D:8)
  Dowan (D:5)
  5 wights (D:6)
  A howler monkey (D:9)
  2 crimson imps (D:5)
  A centaur zombie (D:7)
  A quasit (D:7)
  A centaur skeleton (D:8)
  A giant frog skeleton (D:4)
  2 hounds
  3 orc priests
  A gnoll shaman (D:5)
  11 orc wizards
  2 iguanas
  10 worker ants
  Natasha (twice) (D:4)
  A killer bee zombie (D:8)
  12 gnolls
  7 adders
  A shadow imp (D:5)
  An adder zombie (D:5)
  3 worms
  A dart slug (D:1)
  2 giant geckos
  35 orcs
  7 bats
  6 giant cockroaches
  3 goblins
  8 hobgoblins
  15 jackals
  6 kobolds
  A quokka (D:2)
  2 ball pythons
  4 giant newts
  11 rats
197 creatures vanquished.

Notes
Turn   | Place    | Note
--------------------------------------------------------------
     0 | D:1      | lorenzova the Deep Dwarf Fighter began the quest for the Orb.
     0 | D:1      | Reached XP level 1. HP: 20/20 MP: 1/1
   166 | D:1      | Reached XP level 2. HP: 25/27 MP: 2/2
   407 | D:1      | Reached skill level 3 in Fighting
   956 | D:2      | Reached XP level 3. HP: 31/34 MP: 3/3
  1397 | D:2      | Found a glowing golden altar of the Shining One.
  1399 | D:2      | Noticed an angel
  1404 | D:2      | Found a basalt altar of Yredelemnul.
  1406 | D:2      | Noticed a profane servitor
  1741 | D:3      | Reached XP level 4. HP: 40/42 MP: 4/4
  2320 | D:3      | Noticed Grinder
  2328 | D:3      | Killed Grinder
  2328 | D:3      | Reached skill level 4 in Fighting
  2328 | D:3      | Reached XP level 5. HP: 34/51 MP: 5/5
  2328 | D:3      | Reached XP level 6. HP: 39/58 MP: 6/6
  2463 | D:4      | Noticed Natasha
  2466 | D:4      | Reached skill level 5 in Fighting
  2466 | D:4      | Reached skill level 5 in Armour
  2466 | D:4      | Reached skill level 5 in Shields
  2468 | D:4      | Killed Natasha
  2635 | D:4      | Found a staircase to the Ecumenical Temple.
  2648 | D:4      | Reached XP level 7. HP: 49/67 MP: 7/7
  2658 | Temple   | Entered the Ecumenical Temple
  2850 | Temple   | Became a worshipper of Makhleb the Destroyer
  3052 | D:4      | Noticed Natasha
  3057 | D:4      | Killed Natasha
  3280 | D:4      | Reached skill level 6 in Fighting
  3367 | D:5      | Entered Level 5 of the Dungeon
  3542 | D:5      | Noticed Dowan
  3545 | D:5      | Reached * piety under Makhleb
  3549 | D:5      | Killed Dowan
  3559 | D:5      | Noticed Duvessa
  3576 | D:5      | Killed Duvessa
  3576 | D:5      | Reached XP level 8. HP: 46/78 MP: 7/7
  3999 | D:5      | Noticed Edmund
  4010 | D:5      | Killed Edmund
  4019 | D:5      | Reached skill level 7 in Fighting
  4050 | D:5      | HP: 3/80 [orc warrior/dire flail (15)]
  4068 | D:5      | HP: 4/80 [orc warrior/dire flail (16)]
  4674 | D:6      | Found a bloodstained altar of Trog.
  4675 | D:6      | Found an ancient bone altar of Kikubaaqudgha.
  4677 | D:6      | Found a sacrificial altar of Ru.
  4725 | D:6      | Reached ** piety under Makhleb
  4780 | D:6      | Reached skill level 8 in Fighting
  4899 | D:6      | Gained mutation: You passively map the area around you. [Deep Dwarf growth]
  4899 | D:6      | Reached XP level 9. HP: 64/88 MP: 7/7
  5547 | D:7      | Reached *** piety under Makhleb
  5571 | D:7      | Noticed lorenzova's ghost (novice DDFi)
  5598 | D:7      | Killed lorenzova's ghost
  5598 | D:7      | Reached skill level 9 in Fighting
  5864 | D:7      | You fall through a shaft for 2 floors!
  6024 | D:9      | Found a staircase to the Orcish Mines.
  6186 | D:8      | Found a white marble altar of Elyvilon.
  6216 | D:8      | Reached XP level 10. HP: 54/102 MP: 7/7
  6278 | D:8      | Reached **** piety under Makhleb
  6349 | D:8      | Reached skill level 10 in Fighting
  7101 | D:8      | Found a shadowy altar of Dithmenos.
  7120 | D:8      | Found Siamiyd's Assorted Antiques.
  7189 | D:8      | HP: 5/102 [something/vampiric draining (1)]
  7222 | D:8      | HP: 3/102 [vampire/vampiric draining (9)]
  7223 | D:8      | Slain by a vampire

Skill      XL: |  1  2  3  4  5  6  7  8  9 10 |
---------------+-------------------------------+-----
Fighting       | 3 4 5 6 8 9 10 | 10.1
Shields        | 4 5 6 7 8 |  8.8
Armour         | 4 5 6 7 8 |  8.9
Axes           | |  2.1

Action                   |  1- 3 |  4- 6 |  7- 9 | 10-12 || total
-------------------------+-------+-------+-------+-------++-------
Melee: War axe           |   118 |       |       |       ||   118
       Long sword        |    38 |    98 |   638 |   139 ||   913
 Abil: Evoke Berserk Rag |       |       |     8 |     2 ||    10
       Device Recharging |       |       |     3 |     1 ||     4
Evoke: Wand              |     1 |     2 |    12 |     5 ||    20
  Use: Scroll            |       |       |     5 |       ||     5
  Eat: Chunk             |     3 |     3 |    13 |     2 ||    21
       Bread ration      |       |       |     1 |       ||     1
       Fruit             |       |       |     1 |     2 ||     3
       Pizza             |       |       |       |     1 ||     1
Armor: Scale mail        |    83 |    40 |   111 |       ||   234
       Plate armour      |       |       |   408 |   154 ||   562
Dodge: Dodged            |    62 |    35 |   208 |    20 ||   325
Block: Shield            |    77 |    37 |   542 |    91 ||   747
